 Dungeon Crawl Stone Soup version 0.30.1-11-g7821555f0a (webtiles) character file.

Game seed: 3090594401256278350

56322 growler the Stormcaller (level 14, -4/86 HPs)
             Began as a Tengu Air Elementalist on Oct 30, 2023.
             Was the Champion of Hepliaklqana.
             Killed by divine providence
             ... invoked by a smoke demon
             ... summoned by an orc high priest
              (15 damage)
             ... on level 2 of the Orcish Mines.
             The game lasted 01:09:59 (26553 turns).

growler the Stormcaller (Tengu Air Elementalist)   Turns: 26553, Time: 01:09:59

Health: -4/86      AC:  7    Str:  8    XL:     14   Next: 81%
Magic:  8/27       EV: 14    Int: 20    God:    Hepliaklqana [******]
Gold:   1992       SH: 10    Dex: 16    Spells: 14/29 levels left

rFire   + . .        n - +7 dagger (venom)
rCold   + . .        Q - +0 buckler
rNeg    . . .        W - +0 robe {Will+}
rPois   .            S - +0 hat
rElec   .            v - scarf {rC+ rF+}
rCorr   .            D - +0 pair of gloves
SInv    +            (boots unavailable)
Will    ++...        m - amulet of reflection
Stlth   ++           i - ring of see invisible
HPRegen 0.34/turn    r - +4 ring of protection
MPRegen 0.20/turn

%: reflection
@: flying quickly and evasively, quick
A: reduced essence, beak, talons 3, nimble flight
a: Renounce Religion, Recall Ancestor, Ancestor Identity, Transference, Idealise


You were on level 2 of the Orcish Mines.
You worshipped Hepliaklqana.
Hepliaklqana was exalted by your worship.
You visited 4 branches of the dungeon, and saw 19 of its levels.
You also visited: Ossuary.

You collected 2209 gold pieces.
You spent 217 gold pieces at shops.

Inventory:

Hand Weapons
 n - a +7 dagger of venom (weapon)
 t - the +12 dagger of Epualow {antimagic, Will+ rCorr Int+3}
   (You bought it in a shop on level 3 of the Dungeon)

   Int:       It affects your intelligence (+3).
   rCorr:     It protects you from acid and corrosion.
   Will:      It increases your willpower.
Missiles
 s - 6 throwing nets
Armour
 v - a scarf of resistance (worn)
 D - a +0 pair of gloves (worn)
 P - a +0 cloak
 Q - a +0 buckler (worn)
 S - a +0 hat (worn)
 W - a +0 robe of willpower (worn)
Magical Staves
 e - a staff of air
Jewellery
 i - a ring of see invisible (left hand)
 m - an amulet of reflection (around neck)
 r - a +4 ring of protection (right hand)
 B - a ring of resist corrosion
 J - an amulet of magic regeneration
 M - an amulet of guardian spirit
 X - a +6 ring of dexterity
 Z - a ring of protection from cold
Wands
 a - a wand of quicksilver (11)
 R - a wand of flame (15)
 T - a wand of charming (4)
 Y - a wand of polymorph (4)
Scrolls
 c - 2 scrolls of silence
 d - 6 scrolls of teleportation
 j - 5 scrolls of poison
 k - 2 scrolls of blinking
 o - 2 scrolls of vulnerability
 p - 4 scrolls of amnesia
 w - 4 scrolls of immolation
 y - 2 scrolls of summoning
 E - 3 scrolls of fog
 F - a scroll of fear
 I - 5 scrolls of identify
 O - 4 scrolls of magic mapping
 V - a scroll of torment
Potions
 b - a potion of magic
 f - 6 potions of lignification
 g - 4 potions of cancellation
 h - 2 potions of heal wounds
 l - 11 potions of curing
 q - 3 potions of might
 u - 3 potions of ambrosia
 z - a potion of mutation
 A - 4 potions of haste
 C - 7 potions of attraction
 H - 2 potions of invisibility
 K - 2 potions of flight
 L - 3 potions of brilliance


   Skills:
 + Level 14.7 Fighting
 - Level 10.0 Short Blades
 - Level 2.1 Dodging
 - Level 2.0 Stealth
 + Level 2.5 Shields
 - Level 8.0 Spellcasting
 - Level 8.0 Conjurations
 + Level 20.3 Air Magic


You had 14 spell levels left.
You knew the following spells:

 Your Spells              Type           Power      Damage    Failure   Level
a - Shock                 Conj/Air       100%       1d9       1%          1
b - Static Discharge      Conj/Air       100%       2-7/arc   1%          2
c - Swiftness             Air            73%        N/A       0%          3
d - Airstrike             Air            36%        2d(6-22)  1%          4
e - Freezing Cloud        Conj/Ice/Air   22%        6-21      8%          5

Your spell library contained the following spells:

 Spells                   Type           Power      Damage    Failure   Level
 Poisonous Vapours        Pois/Air       96%        N/A       1%          2
 Mephitic Cloud           Conj/Pois/Air  45%        N/A       1%          3
 Frozen Ramparts          Ice            16%        1d3       36%         3
 Animate Dead             Necr           8%         N/A       78%         4
 Ice Form                 Ice/Tmut       8%         N/A       78%         4
 Summon Ice Beast         Ice/Summ       8%         N/A       78%         4
 Borgnjor's Vile Clutch   Necr/Erth      4%         N/A       98%         5
 Death Channel            Necr           4%         N/A       100%        6


Dungeon Overview and Level Annotations

Branches:
Dungeon (11/15)            Temple (1/1) D:4            Lair (5/5) D:8
  Swamp (0/4) Lair:2        Snake (0/4) Lair:3        Slime (0/5) Lair:5
    Orc (2/2) D:9             Elf (0/3) Orc:2       Ossuary (visited)

Altars:
Ashenzari
Cheibriados
Dithmenos
Elyvilon
Fedhas
Gozag
Hepliaklqana
Kikubaaqudgha
Makhleb
Nemelex Xobeh
Okawaru
Qazlal
Ru
Sif Muna
Trog
Uskayaw
Vehumet
Wu Jian
Xom
Yredelemnul
Zin
The Shining One
Jiyva

Shops:
D:3 (   D:4 *   D:10 :   Orc:1 [[(([

Annotations:
Lair:4 1 runed translucent door, Xoukh's ghost, journeyman TrMo
Lair:5 1 runed translucent door
Orc:1 4 transporters


Innate Abilities, Weirdness & Mutations

Your life essence is reduced to manifest your ancestor. (-10% HP)
You have a beak for a mouth.
You have claws for feet.
Your magical nature lets you fly swiftly and evasively.


Message History

Press: ? - help, Dir - move target, f/p - orc high priest
Aim: an orc high priest, wielding a +0 battleaxe and wearing a +0 chain mail (heavily wounded, ally target, empty space bonus: 5/8)
The air twists around and strikes the orc high priest.
The orc high priest is heavily wounded.
The sixfirhy closely misses you. The sixfirhy hits you!
The sixfirhy shocks you!
The orc high priest mumbles some strange prayers.
The orc high priest invokes the aid of Beogh against you.
Beogh smites you! The smoke demon gestures at you. Beogh smites you!
Casting: Airstrike (safe; 1% risk of failure)
Confirm with . or Enter, or press ? or * to list all spells.
Aiming: Airstrike (safe; 1% risk of failure)
Press: ? - help, Dir - move target, f/p - orc high priest
Aim: an orc high priest, wielding a +0 battleaxe and wearing a +0 chain mail (heavily wounded, ally target, empty space bonus: 3/8)
The air twists around and strikes the orc high priest.
The orc high priest is heavily wounded.
The sun demon barely misses you.
Reggie B. gestures at the orc high priest while chanting.
The orc high priest resists with almost no effort.
The orc high priest completely misses Reggie B..
Casting: Airstrike (safe; 1% risk of failure)
Confirm with . or Enter, or press ? or * to list all spells.
Aiming: Airstrike (safe; 1% risk of failure)
Press: ? - help, Dir - move target, f/p - orc high priest
Aim: an orc high priest, wielding a +0 battleaxe and wearing a +0 chain mail (heavily wounded, not watching you, ally target, empty space bonus: 2/8)
The air twists around and strikes the orc high priest.
The orc high priest is heavily wounded.
The sun demon hits you.
You are engulfed in flames.
You resist.
* * * LOW HITPOINT WARNING * * *
Reggie B. hits the orc high priest but does no damage.
The orc hits Reggie B. with a +0 club.
The orc high priest calls down the wrath of Beogh upon you.
Beogh smites you!
* * * LOW HITPOINT WARNING * * *
Reggie B. hits the orc high priest but does no damage.
The smoke demon gestures at you. Beogh smites you!
You die...

#.. ............. #.#
##........... #.# #...........
..# #........... #.# #...........
#.# #...........
##.###.#######.........#.
....3oR.3................#
.....o..3@................
#################........# ###
##.##.(#.. #.### #########......
####...## ####.##.## ##.....
##.#.....# #........###......
#...#....######.......##........
#.........#.#........R#.........
###...................#..........


You could see the friendly Reggie B. the hexer, an orc high priest (distracted,
ally target), a sun demon (summoned), a sixfirhy (summoned), a smoke demon
(summoned) and an orc.

Vanquished Creatures
  Gastronok (Lair:2)
  Harold (Lair:2)
  3 hydras
  4 death yaks
  2 two-headed ogres
  A skyshark (Lair:3)
  2 orc sorcerers
  An oklob plant (Lair:4)
  4 cyclopes
  2 black mambas
  12 cane toads
  12 elephants
  2 rime drakes
  6 komodo dragons
  5 trolls
  4 polar bears (Lair:5)
  5 hornets
  4 blink frogs (Lair:5)
  10 dream sheep
  2 shadows (D:11)
  3 wraiths
  2 wyverns
  11 spriggans (Lair:5)
  A vampire (D:11)
  46 yaks
  2 basilisks
  An acid dragon (D:11)
  2 wargs
  5 nagas (Lair:3)
  6 water moccasins
  3 black bears
  13 orc warriors
  2 sky beasts (D:7)
  4 boggarts (Lair:5)
  2 ogres (Orc:2)
  16 wolves
  A centaur (D:9)
  2 kobold brigands
  10 bullfrogs
  3 necrophages (Lair:4)
  3 gnoll sergeants
  A scorpion (D:4)
  9 wights
  6 killer bees
  2 electric eels (Lair:4)
  4 howler monkeys (D:9)
  2 jellies
  9 orc priests
  A gnoll bouda (D:5)
  3 hounds
  2 iguanas (D:4)
  5 hell rats (Lair:2)
  13 orc wizards
  7 mummies (Ossuary)
  11 gnolls
  9 adders
  2 white imps
  An ufetubus (D:5)
  A worm (D:2)
  5 dart slugs
  55 orcs
  8 bats
  12 endoplasms
  5 giant cockroaches
  10 goblins
  9 hobgoblins
  8 jackals
  20 kobolds
  6 quokkas
  4 ball pythons
  4 frilled lizards
  A gnoll zombie (Ossuary)
  A hobgoblin zombie (Ossuary)
  A kobold zombie (Ossuary)
  An orc zombie (Ossuary)
  8 rats
467 creatures vanquished.

Vanquished Creatures (collateral kills)
  3 death yaks
  A two-headed ogre (D:11)
  6 elephants
  A black mamba (Lair:2)
  A gargoyle (D:11)
  4 cane toads
  An unseen horror (D:10)
  A komodo dragon (Lair:2)
  A polar bear (Lair:5)
  A blink frog (Lair:5)
  4 dream sheep
  A wyvern (Lair:5)
  A wraith (D:10)
  14 yaks
  A warg (Orc:2)
  A water moccasin (D:7)
  2 orc warriors
  A sky beast (D:8)
  12 wolves
  2 bullfrogs
  4 wights
  8 killer bees
  A howler monkey (D:9)
  2 orc priests (Orc:1)
  6 orc wizards
  A hell rat (Lair:2)
  A mummy (Ossuary)
  A gnoll (D:9)
  6 orcs
  A gnoll zombie (Ossuary)
  2 hobgoblin zombies (Ossuary)
  3 kobolds (D:8)
  A kobold zombie (Ossuary)
96 creatures vanquished.

Vanquished Creatures (others)
  19 hexers
  2 ancestors
21 creatures vanquished.

Grand Total: 584 creatures vanquished

Notes
Turn   | Place    | Note
-------+----------+-------------------------------------------
     0 | D:1      | growler the Tengu Air Elementalist began the quest for the
                  | Orb.
     0 | D:1      | Reached XP level 1. HP: 10/10 MP: 4/4
   181 | D:1      | Reached XP level 2. HP: 15/15 MP: 0/6
   184 | D:1      | Learned a level 2 spell: Static Discharge
   796 | D:1      | Reached XP level 3. HP: 19/19 MP: 1/7
   800 | D:1      | Learned a level 3 spell: Swiftness
  1408 | D:2      | Reached XP level 4. HP: 24/24 MP: 6/9
  1437 | D:2      | Found a faded altar of an unknown god.
  1473 | D:2      | Reached skill level 5 in Air Magic
  1892 | D:2      | Gained mutation: Your magical nature lets you fly swiftly
                  | and evasively. [Tengu growth]
  1892 | D:2      | Reached XP level 5. HP: 28/28 MP: 3/10
  1897 | D:2      | Learned a level 4 spell: Airstrike
  2449 | D:3      | Found Zanoimuz's Antique Weapon Shop.
  3375 | D:4      | Found a stormy altar of Qazlal.
  3393 | D:4      | Reached skill level 6 in Air Magic
  3393 | D:4      | Reached XP level 6. HP: 32/32 MP: 2/12
  3558 | D:4      | Found Menur's General Store.
  3590 | D:4      | Found a basalt altar of Yredelemnul.
  3840 | D:4      | Found a staircase to the Ecumenical Temple.
  3846 | Temple   | Entered the Ecumenical Temple
  3874 | Temple   | Became a worshipper of Hepliaklqana the Forgotten
  4051 | D:4      | Reached skill level 5 in Conjurations
  4406 | D:5      | Entered Level 5 of the Dungeon
  4582 | D:5      | Reached XP level 7. HP: 36/36 MP: 2/14
  4971 | D:5      | Reached skill level 7 in Air Magic
  5336 | D:6      | Reached * piety under Hepliaklqana
  5353 | D:6      | Found a sand-covered staircase.
  5382 | Ossuary  | Entered an ossuary
  6029 | D:6      | You are sucked into a shaft and drop 3 floors!
  6161 | D:9      | Noticed a yak
  6161 | D:9      | Noticed a yak
  6161 | D:9      | Noticed a yak
  6225 | D:9      | Killed a yak
  6226 | D:9      | Reached skill level 5 in Spellcasting
  6271 | D:9      | Killed a yak
  6272 | D:9      | Reached skill level 8 in Air Magic
  6272 | D:9      | Reached XP level 8. HP: 29/36 MP: 3/17
  6272 | D:9      | Killed a yak
  6444 | D:8      | Reached skill level 9 in Air Magic
  6596 | D:6      | Reached skill level 1 in Fighting
  6794 | D:6      | Found a sparkling altar of Nemelex Xobeh.
  7243 | D:6      | Reached ** piety under Hepliaklqana
  7244 | D:6      | Remembered your ancestor Reggie B. as a hexer
  7436 | D:3      | Bought a glimmering dagger for 217 gold pieces
  7436 | D:3      | Identified the +12 dagger of Epualow {antimagic, Will+
                  | rCorr Int+3} (You bought it in a shop on level 3 of the
                  | Dungeon)
  7954 | D:7      | Reached skill level 10 in Air Magic
  7954 | D:7      | Reached XP level 9. HP: 45/45 MP: 14/19
  8545 | D:7      | Found a glowing silver altar of Zin.
  8545 | D:7      | Found an opulent altar of Gozag.
  8668 | D:8      | Found a staircase to the Lair.
  8669 | D:8      | Noticed a komodo dragon
  8693 | D:8      | Killed a komodo dragon
  8898 | D:8      | Reached skill level 5 in Fighting
  8898 | D:8      | Reached skill level 11 in Air Magic
  9042 | D:8      | Identified the +11 dagger of Indomitability {venom, Drain
                  | Str+4 Int+3}
  9052 | D:8      | Reached *** piety under Hepliaklqana
  9361 | D:8      | Reached XP level 10. HP: 25/54 MP: 12/20
  9582 | D:8      | Reached skill level 12 in Air Magic
  9583 | D:8      | Reached skill level 5 in Short Blades
 10008 | D:9      | Noticed a two-headed ogre
 10543 | D:9      | Found a shadowy altar of Dithmenos.
 10545 | D:9      | Found a shimmering altar of Xom.
 10551 | D:9      | Found a hide-covered altar of Uskayaw.
 10554 | D:9      | Found a bloodstained altar of Trog.
 10576 | D:9      | Found a glowing golden altar of the Shining One.
 10727 | D:9      | Found a white marble altar of Elyvilon.
 10740 | D:9      | Found a staircase to the Orcish Mines.
 11132 | D:9      | Killed a two-headed ogre
 11133 | D:9      | Reached skill level 13 in Air Magic
 11255 | D:10     | Entered Level 10 of the Dungeon
 11285 | D:10     | Reached XP level 11. HP: 57/61 MP: 4/21
 11413 | D:10     | Noticed a two-headed ogre
 11425 | D:10     | Killed a two-headed ogre
 11592 | D:10     | Found Xuxtayj's Book Boutique.
 11655 | D:10     | Noticed a cyclops
 11658 | D:10     | Killed a cyclops
 11659 | D:10     | Reached skill level 14 in Air Magic
 11906 | D:10     | Reached **** piety under Hepliaklqana
 12137 | D:11     | Identified the staff of death "Zini Jidgh" {rElec rN+ MP+9
                  | Int+3}
 12459 | D:11     | Found a sparkling altar of Nemelex Xobeh.
 12951 | D:11     | Noticed a cyclops
 12955 | D:11     | Killed a cyclops
 13086 | D:11     | Noticed a two-headed ogre
 13089 | D:11     | Killed a two-headed ogre
 13515 | Lair:1   | Entered Level 1 of the Lair of Beasts
 13747 | Lair:1   | Reached skill level 15 in Air Magic
 14034 | Lair:1   | Reached ***** piety under Hepliaklqana
 14269 | Lair:1   | Reached XP level 12. HP: 69/69 MP: 22/22
 14653 | Lair:1   | Reached skill level 10 in Fighting
 15139 | Lair:2   | Reached skill level 10 in Short Blades
 15140 | Lair:2   | Noticed Gastronok
 15417 | Lair:2   | Found a staircase to the Swamp.
 15639 | Lair:2   | Noticed an eight-headed hydra
 15643 | Lair:2   | Killed an eight-headed hydra
 15644 | Lair:2   | Reached skill level 16 in Air Magic
 15908 | Lair:2   | Killed Gastronok
 15925 | Lair:2   | Learned a level 5 spell: Freezing Cloud
 16031 | Lair:2   | Found a shimmering altar of Xom.
 16127 | Lair:2   | Noticed an eight-headed hydra
 16134 | Lair:2   | Killed an eight-headed hydra
 16302 | Lair:2   | Noticed Harold
 16310 | Lair:2   | Killed Harold
 17095 | Lair:3   | Reached XP level 13. HP: 66/75 MP: 4/23
 17096 | Lair:3   | Reached skill level 17 in Air Magic
 17785 | Lair:3   | Found a staircase to the Snake Pit.
 20059 | Lair:4   | Reached skill level 18 in Air Magic
 20251 | Lair:4   | Found a runed translucent door.
 20439 | Lair:4   | Noticed Xoukh's ghost (journeyman TrMo)
 20747 | Lair:4   | Reached ****** piety under Hepliaklqana
 21017 | Lair:5   | Entered Level 5 of the Lair of Beasts
 21160 | Lair:5   | Found a runed translucent door.
 21183 | Lair:5   | Reached XP level 14. HP: 78/84 MP: 23/27
 21950 | Lair:5   | Reached skill level 19 in Air Magic
 22070 | Lair:5   | Identified a scroll of acquirement
 22853 | Lair:5   | Paralysed by a hornet for 3 turns
 23256 | Lair:5   | Found a viscous altar of Jiyva.
 23257 | Lair:5   | Found a staircase to the Slime Pits.
 23634 | Lair:5   | Reached skill level 20 in Air Magic
 24370 | Orc:1    | Entered Level 1 of the Orcish Mines
 24370 | Orc:1    | Found a shimmering altar of Xom.
 24372 | Orc:1    | Acquired a staff of air
 24882 | Orc:1    | Found a transporter.
 24946 | Orc:1    | Found a transporter.
 24953 | Orc:1    | Found a transporter.
 24965 | Orc:1    | Found an ornate altar of the Wu Jian Council.
 24977 | Orc:1    | Found a transporter.
 25073 | Orc:1    | Found Kothror's Antique Armour Shop.
 25083 | Orc:1    | Reached skill level 1 in Shields
 25527 | Orc:1    | Found Sitar's Weapon Shoppe.
 25582 | Orc:1    | Found Difohocsy's Antique Weapon Emporium.
 25601 | Orc:1    | Found Quria's Antique Armour Shoppe.
 25709 | Orc:1    | Noticed an orc warlord
 25771 | Orc:2    | Entered Level 2 of the Orcish Mines
 25783 | Orc:1    | Found Qanoivus's Armour Shoppe.
 26266 | Orc:2    | Found a staircase to the Elven Halls.
 26553 | Orc:2    | Killed from afar by a smoke demon

Illustrated notes

Levels and vault maps discovered:
D:1:      lightli_arrival_chessboard, layout_basic, minmay_surrounded
D:2:      layout_rooms, serial_glass, glass_columns_c, glass_columns_b,
          glass_columns_b, glass_columns_a, glass_columns_a, glass_columns_a,
          feat_on_display, dreamdust_ecumenical_altar_angels_and_demons
D:3:      minmay_bubble_buster, layout_rooms, serial_shops,
          nicolae_shop_hallway_plus, lexackson_kobold_supper
D:4:      layout_basic, lemuel_crystal_altar, mainiacjoe_overflow_boulevard,
          minmay_temple_entry_grid, serial_shops,
          nicolae_shop_pleasant_corner_grove
D:5:      layout_rooms
D:6:      layout_gridville, mainiacjoe_overflow_surrounded_room,
          nicolae_ossuary_entry_monument
D:7:      layout_layer_cave, grunt_temple_overflow_gold_and_silver,
          chequers_garden
D:8:      layout_gridville, david_lair_shrubbed
D:9:      minmay_general_purpose_star, layout_basic,
          nicolae_overflow_hallway_of_the_gods, david_orc_3
D:10:     layout_cave_pools, serial_column_ruins, column_ruins_hut,
          column_ruins_open_tiny, column_ruins_open_small,
          column_ruins_corridor_straight, column_ruins_open_tiny,
          column_ruins_open_small, column_ruins_open_medium_water, serial_shops,
          shop
D:11:     layout_irregular_city, nemelex_xobeh_ov_fountains_minmay
Temple:   bh_familiar_temple
Lair:1:   layout_roguey
Lair:2:   layout_regular_city, swamp_mist, basic_altar, uniq_harold,
          uniq_gastronok
Lair:3:   layout_cave_pods, minmay_snake_entry_guardpost_medium,
          beast_lair_carwin_11
Lair:4:   layout_gridlike, ebering_ghost_reflecting_pool,
          chequers_serial_rivers_micro_c, roderic_carrion_pond
Lair:5:   minmay_lair_end_enchanted_forest, layout_cave_pods, slime_entry_2,
          gauntlet_entry_generic, minivault_25
Orc:1:    dreamdust_wu_jian_sword_trials, layout_diamond_mine, basic_altar,
          serial_shops, shop, nicolae_shop_hallway_stairs, shop, shop,
          nicolae_shop_peninsula
Orc:2:    st_orc_town, layout_diamond_mine, abandoned_shop

Skill      XL: |  1  2  3  4  5  6  7  8  9 10 11 12 13 14 |
---------------+-------------------------------------------+-----
Conjurations   | 2 3 4 5 6 7 8 |  8.0
Air Magic      | 5 6 8 10 11 13 15 16 18 20 | 20.3
Spellcasting   | 3 4 5 6 8 |  8.0
Fighting       | 3 6 7 9 11 13 14 | 14.7
Short Blades   | 4 7 9 10 | 10.0
Shields        | 2 |  2.5
Dodging        | |  2.1
Stealth        | |  2.0

Action                     |  1- 3 |  4- 6 |  7- 9 | 10-12 | 13-15 || total
---------------------------+-------+-------+-------+-------+-------++-------
  Melee: Unarmed           |     2 |     1 |       |       |       ||     3
         Staff             |       |     9 |       |    10 |     1 ||    20
         Kick              |       |     2 |     1 |    33 |   101 ||   137
         Dagger            |       |       |     8 |    89 |   236 ||   333
         Peck              |       |       |     3 |    25 |    64 ||    92
         Punch             |       |       |       |     3 |     7 ||    10
   Cast: Shock             |    76 |   157 |   210 |   138 |     1 ||   582
         Static Discharge  |     1 |     3 |    11 |    31 |    27 ||    73
         Airstrike         |       |     3 |     8 |   144 |   252 ||   407
         Freezing Cloud    |       |       |       |       |    17 ||    17
 Invoke: Recall Ancestor   |       |       |     3 |     4 |     5 ||    12
         Ancestor Identity |       |       |     1 |       |       ||     1
         Ancestor Life: He |       |       |     1 |       |       ||     1
         Transference      |       |       |       |       |     1 ||     1
    Use: Scroll            |     2 |     5 |    10 |    10 |     9 ||    36
         Potion            |       |       |       |       |     5 ||     5
   Stab: Confused          |       |       |       |     3 |     4 ||     7
         Sleeping          |       |       |       |     2 |       ||     2
         Distracted        |       |       |       |     1 |     2 ||     3
         Held in net/web   |       |       |       |     2 |       ||     2
 Armour: Robe              |     4 |     4 |     4 |    16 |    36 ||    64
  Dodge: Dodged            |    15 |    18 |    32 |    89 |   116 ||   270
  Block: Other             |       |       |     6 |    29 |    33 ||    68
         Reflection        |       |       |       |     2 |     5 ||     7
         Buckler           |       |       |       |       |    21 ||    21
